Map: Fields of Death

Players

Meister - Winner!

  • Race: Terran Terran
  • League: Master
  • Spawn Location: 6:00

KingKong - Winner!

  • Race: Zerg Zerg
  • Spawn Location: 7:00

Night

  • Race: Zerg Zerg
  • Spawn Location: 12:00

SkiTeacher

  • Race: Protoss Protoss
  • Spawn Location: 12:00

VOD

Have the link to the VOD?

Description

Time

  • Played on: April 2, 2017, 2:47 a.m.
  • Length: 7:11
Show
View Real Time Build Order
Export as new Build Order

Meister Terran - Winner!

Build Orders: Reaper Expand, MMM Bio 

Get SALT Encoding   

  12  0:00  SCV  
  13  0:13  SCV  
  14  0:19  Supply Depot  
  14  0:25  SCV  
  15  0:40  SCV  
  15  0:41  Barracks  
  16  0:45  Refinery  
  16  0:52  SCV  
  17  1:04  SCV  
  18  1:17  SCV  
  19  1:29  Reaper  
  19  1:30  Orbital Command  
  20  1:45  Command Center  
  20  1:54  Barracks  
  20  1:57  SCV  
  21  2:02  Barracks Reactor  
  21  2:06  Supply Depot  
  21  2:11  SCV  
  22  2:15  Refinery  
  22  2:23  SCV  
  23  2:33  Factory  
  23  2:35  SCV  
  24  2:40  Marine x2  
  24  2:43  Barracks Tech Lab  
  26  2:47  SCV  
  27  2:59  SCV, Marine x2  
  30  3:07  Marine  
  30  3:08  Stimpack  
  30  3:11  SCV  
  32  3:13  Orbital Command  
  32  3:20  Marine  
  32  3:25  Starport  
  32  3:26  Factory Reactor  
  32  3:27  Marine  
  32  3:30  Marine  
  32  3:33  SCV  
  35  3:39  SCV  
  36  3:41  Marine  
  36  3:45  Marine, Supply Depot  
  36  3:47  SCV  
  39  3:49  Marine  
  40  3:58  SCV  
  40  3:59  Marine  
  40  4:01  SCV  
  43  4:05  Marine  
  43  4:09  Marine, Medivac x2  
  48  4:14  SCV  
  50  4:17  Marine  
  50  4:20  Engineering Bay  
  50  4:23  Marine  
  50  4:24  Widow Mine  
  50  4:28  SCV  
  50  4:29  SCV  
  50  4:30  Marine  
  51  4:35  Marine  
  52  4:39  Medivac  
  54  4:45  Missile Turret  
  54  4:46  Supply Depot  
  54  4:50  Missile Turret  
  54  5:04  Terran Infantry Weapons Level 1  
  54  5:07  Marine x3  
  54  5:08  Combat Shields, SCV x2  
  51  5:22  SCV  
  51  5:24  Factory Reactor  
  51  5:25  Marine x3  
  53  5:29  SCV  
  53  5:33  Command Center  
  54  5:42  SCV, Medivac  
  56  5:43  Marine x2  
  58  5:52  Marine  
  58  5:57  SCV  
  58  5:58  SCV  
  58  6:01  Marine  
  58  6:03  Marine, Engineering Bay  
  62  6:09  Barracks  
  62  6:21  Supply Depot x2  
  62  6:22  Supply Depot  
  62  6:31  SCV  
  62  6:38  Supply Depot  
  62  6:40  Supply Depot  
  62  6:42  SCV, Marine  
  62  6:43  SCV  
  62  6:44  Marine  
  62  6:46  Marine  
  67  6:55  SCV x2  
  67  7:00  Barracks Reactor  
  69  7:02  Armory  
  69  7:07  Barracks  
  71  7:09  Barracks  
Show
View Real Time Build Order
Export as new Build Order

KingKong Zerg - Winner!

Build Orders: Hatch First, Zergling Baneling 

Get SALT Encoding   

  12  0:00  Drone  
  13  0:12  Overlord  
  13  0:17  Drone  
  14  0:30  Drone x2  
  14  0:34  Drone  
  17  0:53  Hatchery  
  17  0:57  Drone  
  17  1:00  Drone  
  18  1:10  Extractor  
  17  1:16  Spawning Pool  
  16  1:19  Drone  
  16  1:22  Drone  
  18  1:28  Drone  
  19  1:39  Drone  
  20  1:51  Drone  
  21  2:04  Hatchery, Queen  
  21  2:07  Drone  
  23  2:13  Metabolic Boost  
  23  2:22  Queen  
  25  2:26  Drone  
  25  2:28  Drone  
  27  2:31  Drone  
  28  2:37  Overlord  
  28  2:44  Baneling Nest  
  28  2:46  Drone  
  28  2:52  Overlord  
  28  3:01  Zergling x6  
  28  3:04  Zergling x2  
  32  3:11  Drone x2  
  34  3:13  Drone  
  34  3:14  Drone  
  34  3:16  Drone  
  37  3:20  Drone  
  37  3:25  Drone x2  
  40  3:29  Spore Crawler  
  40  3:32  Spore Crawler  
  38  3:34  Zergling x2  
  38  3:39  Drone  
  38  3:40  Drone  
  41  3:43  Spore Crawler  
  41  3:44  Baneling  
  41  3:45  Baneling  
  41  3:47  Drone  
  41  3:48  Drone  
  41  3:52  Baneling  
  41  3:54  Zergling x2  
  41  3:55  Zergling x2  
  44  3:58  Zergling x4  
  44  4:02  Zergling x2  
  46  4:04  Zergling x2  
  46  4:05  Zergling x2  
  46  4:08  Zergling x2  
  49  4:10  Baneling x4  
  49  4:15  Zergling x2  
  49  4:16  Overlord  
  49  4:24  Zergling x4  
  49  4:31  Overlord  
  49  4:32  Overlord  
  49  4:37  Zergling x2  
  49  4:38  Zergling x10  
  54  4:39  Zergling x2  
  54  4:40  Baneling  
  54  4:41  Baneling  
  54  4:44  Baneling x4  
  55  4:47  Zergling x2  
  55  4:50  Zergling x2  
  57  4:53  Zergling x2  
  57  4:54  Zergling x4  
  57  4:58  Zergling x4  
  59  5:00  Zergling x2  
  59  5:01  Zergling x2  
  59  5:06  Zergling x2  
  62  5:08  Zergling x2  
  62  5:10  Zergling x2  
  63  5:14  Zergling x4  
  63  5:19  Zergling x2  
  60  5:22  Zergling x2  
  60  5:23  Drone  
  60  5:24  Queen  
  61  5:33  Zergling x4  
  61  5:34  Zergling x10  
  66  5:37  Zergling x2  
  66  5:38  Zergling x2  
  66  5:41  Overlord  
  61  5:50  Zergling x4  
  61  5:52  Zergling x2  
  61  5:55  Drone x2  
  61  5:56  Drone  
  63  5:59  Zergling x4  
  63  6:03  Zergling x2  
  66  6:09  Drone x2  
  66  6:10  Drone  
  65  6:15  Drone  
  61  6:19  Roach Warren, Extractor  
  61  6:21  Drone, Evolution Chamber  
  61  6:23  Zergling x2  
  55  6:31  Zergling x8  
  59  6:33  Drone x2  
  59  6:39  Zergling x2  
  61  6:44  Drone x3  
  62  6:48  Drone, Baneling x4  
  62  6:49  Drone x2  
  62  6:51  Drone  
  64  6:54  Extractor  
  64  7:06  Extractor  
Show
View Real Time Build Order
Export as new Build Order

Night Zerg 

Build Orders: Hatch First 

Get SALT Encoding   

  12  0:01  Drone  
  13  0:14  Overlord  
  13  0:20  Drone  
  14  0:38  Drone x2  
  14  0:42  Drone  
  17  0:53  Hatchery  
  16  0:57  Drone  
  17  1:05  Drone  
  17  1:08  Extractor  
  17  1:16  Spawning Pool  
  16  1:20  Drone  
  17  1:26  Drone  
  17  1:32  Drone  
  19  1:42  Overlord  
  19  2:03  Queen  
  19  2:04  Zergling x2  
  22  2:10  Queen  
  22  2:11  Drone  
  22  2:13  Drone  
  26  2:18  Metabolic Boost  
  26  2:19  Drone  
  26  2:20  Drone  
  28  2:26  Drone  
  28  2:29  Zergling x2  
  29  2:37  Drone  
  29  2:39  Drone  
  29  2:41  Extractor  
  30  2:51  Extractor  
  30  2:55  Overlord  
  30  2:56  Drone  
  32  3:01  Drone x2  
  32  3:04  Hatchery  
  33  3:09  Overlord  
  33  3:10  Zergling x4  
  35  3:25  Zergling x6  
  35  3:26  Zergling x8  
  42  3:39  Drone x2  
  44  3:41  Extractor  
  44  3:42  Roach Warren  
  44  3:47  Drone  
  44  3:48  Drone x3  
  46  3:57  Overlord  
  46  4:00  Drone x2  
  48  4:10  Drone x3  
  50  4:22  Drone x3  
  52  4:24  Overlord  
  52  4:25  Queen  
  52  4:27  Lair  
  52  4:28  Drone x2  
  56  4:31  Drone  
  56  4:32  Roach x3  
  59  4:40  Roach x2  
  59  4:42  Zergling x2  
  64  4:46  Overlord  
  64  4:49  Extractor  
  64  4:50  Evolution Chamber  
  64  4:51  Roach x2  
  66  4:58  Zergling x10  
  71  5:01  Zergling x2  
  71  5:02  Zergling x2  
  73  5:12  Zergling x2  
  73  5:13  Zergling x2  
  71  5:21  Overlord  
  71  5:30  Overlord  
  71  5:34  Overlord, Queen  
  71  5:35  Glial Reconstitution, Overlord  
  71  5:40  Drone  
  71  5:41  Drone x4  
  71  5:42  Zergling x8  
  71  5:43  Zergling x2  
  71  5:47  Zergling x6  
  61  5:57  Overlord  
  61  6:05  Drone x3  
  61  6:06  Drone  
  64  6:12  Zergling x4  
  65  6:24  Roach x3  
  68  6:36  Roach x6  
  80  6:49  Roach x3  
Show
View Real Time Build Order
Export as new Build Order

SkiTeacher Protoss 

Build Orders: 1 Gate Expand, Oracle Opening 

Get SALT Encoding   

  12  0:02  Probe (Chrono Boost)  
  13  0:12  Probe (Chrono Boost)  
  14  0:17  Pylon  
  14  0:23  Probe (Chrono Boost)  
  16  0:35  Probe (Chrono Boost)  
  16  0:36  Gateway  
  16  0:46  Probe (Chrono Boost)  
  16  0:47  Assimilator  
  17  0:52  Assimilator  
  17  0:56  Probe (Chrono Boost)  
  18  1:07  Probe (Chrono Boost)  
  19  1:26  Nexus  
  19  1:37  Cybernetics Core  
  20  1:40  Probe (Chrono Boost)  
  20  1:50  Probe (Chrono Boost), Pylon  
  21  2:01  Probe (Chrono Boost)  
  22  2:15  Mothership Core (Chrono Boost)  
  24  2:24  Stargate  
  24  2:33  Probe (Chrono Boost)  
  25  2:40  Probe (Chrono Boost)  
  25  2:44  Probe (Chrono Boost)  
  27  2:50  Probe (Chrono Boost)  
  28  2:54  Probe (Chrono Boost)  
  29  3:03  Oracle, Probe (Chrono Boost)  
  30  3:12  Probe (Chrono Boost)  
  33  3:13  Probe (Chrono Boost)  
  33  3:14  Assimilator  
  34  3:24  Probe x2 (Chrono Boost)  
  36  3:28  Nexus  
  36  3:36  Probe (Chrono Boost)  
  36  3:37  Oracle  
  38  3:43  Pylon  
  38  3:48  Probe (Chrono Boost)  
  41  3:50  Stargate  
  41  3:54  Probe (Chrono Boost)  
  42  3:58  Pylon  
  43  4:03  Probe (Chrono Boost)  
  43  4:15  Probe x2 (Chrono Boost)  
  45  4:25  Probe (Chrono Boost)  
  45  4:28  Probe (Chrono Boost)  
  45  4:29  Oracle  
  47  4:31  Pylon  
  47  4:35  Oracle  
  47  4:37  Probe (Chrono Boost)  
  52  4:39  Assimilator  
  52  4:40  Probe (Chrono Boost)  
  52  4:44  Probe (Chrono Boost)  
  56  4:49  Probe (Chrono Boost)  
  57  5:00  Oracle  
  57  5:06  Oracle  
  57  5:12  Probe (Chrono Boost)  
  59  5:17  Probe (Chrono Boost)  
  59  5:19  Mothership Core (Chrono Boost)  
  59  5:24  Probe (Chrono Boost), Assimilator  
  59  5:27  Probe (Chrono Boost)  
  59  5:28  Assimilator  
  61  5:34  Pylon  
  62  5:36  Probe (Chrono Boost)  
  62  5:37  Oracle  
  62  5:38  Probe (Chrono Boost)  
  62  5:39  Probe (Chrono Boost)  
  64  5:48  Probe x2 (Chrono Boost)  
  67  5:51  Probe (Chrono Boost)  
  67  5:52  Oracle  
  67  5:59  Probe (Chrono Boost)  
  67  6:00  Probe (Chrono Boost), Pylon  
  67  6:03  Probe (Chrono Boost)  
  73  6:10  Probe (Chrono Boost)  
  72  6:13  Probe (Chrono Boost)  
  72  6:15  Probe (Chrono Boost)  
  73  6:20  Probe (Chrono Boost)  
  73  6:25  Probe (Chrono Boost)  
  78  6:28  Probe (Chrono Boost)  
  78  6:30  Pylon  
  78  6:31  Probe (Chrono Boost)  
  83  6:37  Probe (Chrono Boost)  
  85  6:40  Probe (Chrono Boost)  
  85  6:41  Probe (Chrono Boost)  
  85  6:44  Phoenix x2  
  86  6:49  Probe (Chrono Boost)  
  86  6:52  Probe x2 (Chrono Boost)  
Tags
 
Add a new tag
Caveats
  • Supply blocks, unpowered buildings, or Contaminate may cause inaccurate times.
  • Supply counts are checked every 10 seconds.